 Dungeon Crawl Stone Soup version 0.30-a0-218-gedb9141078 (webtiles) character file.

Game seed: 11749600278180975827

137 timneilson the Shield-Bearer (level 5, -6/33 HPs)
             Began as a Gargoyle Fighter on Oct 6, 2022.
             Killed by divine providence
             ... invoked by an orc priest
              (14 damage)
             ... on level 3 of the Dungeon.
             The game lasted 00:03:01 (1723 turns).

timneilson the Shield-Bearer (Gargoyle Fighter)     Turns: 1723, Time: 00:03:02

Health: -6/33      AC: 13    Str: 21    XL:     5   Next: 20%
Magic:  5/5        EV:  7    Int:  9    God:
Gold:   108        SH:  4    Dex:  9    Spells: 4/4 levels left

rFire   . . .      SeeInvis .    a - +1 long sword
rCold   . . .      Faith    .    c - +0 buckler
rNeg    + . .      Spirit   .    j - +0 chain mail
rPois   ∞          Reflect  .    (no helmet)
rElec   +          Harm     .    (no cloak)
rCorr   .          Rampage  .    (no gloves)
Will    .....                    (no boots)
Stlth   ..........               e - amulet of the acrobat
HPRegen 0.25/turn                (no ring)
MPRegen 0.09/turn                (no ring)

@: no status effects
A: sickness immunity, AC +4, negative energy resistance 1, electricity
resistance, torment resistance 1, petrification resistance
a: no special abilities


You were on level 3 of the Dungeon.
You visited 1 branch of the dungeon, and saw 3 of its levels.

You collected 108 gold pieces.

Inventory:

Hand Weapons
 a - a +1 long sword (weapon)
Armour
 c - a +0 buckler (worn)
 j - a +0 chain mail (worn)
Jewellery
 e - an amulet of the acrobat (around neck)
Scrolls
 b - 2 scrolls of blinking
 h - a scroll of enchant weapon
Potions
 d - a potion of might
 f - a potion of heal wounds {unknown}
 g - a potion of haste {unknown}
 i - a potion of attraction {unknown}


   Skills:
 + Level 3.7 Fighting
 * Level 2.8 Long Blades
 * Level 4.2 Armour
 + Level 0.9 Dodging
 * Level 4.2 Shields


You had 4 spell levels left.
You didn't know any spells.
Your spell library contained the following spells:

 Spells                   Type           Power      Damage    Failure   Level
 Summon Lightning Spire   Summ/Air       0%         N/A       100%        4
 Storm Form               Tmut/Air       0%         N/A       100%        7
 Maxwell's Capacitive Co  Air            0%         ∞         100%        8


Dungeon Overview and Level Annotations

Branches:
Dungeon (3/15)

Altars:
Dithmenos
Elyvilon

Shops:
D:3 (


Innate Abilities, Weirdness & Mutations

You are immune to sickness and miasma.
Your stone body is resilient. (AC +4)
You are immune to poison.
You resist negative energy. (rN+)
You are resistant to electric shocks. (rElec)
You are resistant to unholy torment.
You are immune to petrification.


Message History

The orc hits you but does no damage.
You hit the orc priest but do no damage.
The orc priest hits you but does no damage.
The orc hits you but does no damage. The orc closely misses you.
The orc priest calls down the wrath of Beogh upon you.
Beogh smites you!
* * * LOW HITPOINT WARNING * * *
The orc hits you but does no damage.
The orc priest hits you but does no damage.
The orc hits you with a +0 club.
* * * LOW HITPOINT WARNING * * *
The orc priest attacks as you move away!
The orc priest closely misses you.
You feel better. The orc hits you but does no damage.
You feel better. The orc hits you but does no damage.
You slash the orc!
You kill the orc!
You hit the orc.
The orc is almost dead.
The orc hits you but does no damage.
You slash the orc!
You kill the orc!
The orc priest looks encouraged for a moment.
You hit the scorpion zombie.
The scorpion zombie is severely damaged.
The orc priest calls down the wrath of Beogh upon you.
Beogh smites you!
* * * LOW HITPOINT WARNING * * *
The scorpion zombie hits you but does no damage. x2
You slash the scorpion zombie!
You destroy the scorpion zombie!
You have reached level 5!
You hit the orc priest but do no damage.
The orc priest looks satisfied for a moment.
You hit the orc priest.
The orc priest is lightly wounded.
The orc priest hits you but does no damage.
The orc priest calls down the wrath of Beogh upon you.
Beogh smites you!
You die...

######. #.# ... #.###.#
... #<..## ... ##.## #.#
# #.# #.# ## ##.# #.# ##
.## ##..#### #.##.##
..####......######.#>..##
..+ ............@o......♣
..# #........####.#...♣♣
.## ##.#.....#..)....#♣
## #.......#.##......♣ #
###...### ##..#...♣
#########...# #..##♣..♣
.......###.## .>.# ♣..♣
######.# #.# #.## ♣♣.
######.###.# #.#


You could see an orc priest (resistant).

Vanquished Creatures
  An orc priest (D:3)
  A scorpion zombie (D:3)
  2 adders (D:2)
  2 worms
  A dart slug (D:2)
  4 orcs (D:3)
  6 ball pythons
  7 endoplasms
  2 goblins (D:1)
  3 hobgoblins (D:1)
  4 jackals (D:1)
  3 quokkas
  4 bats (D:1)
  5 frilled lizards
  3 kobolds
  5 rats
53 creatures vanquished.

Notes
Turn   | Place    | Note
-------+----------+-------------------------------------------
     0 | D:1      | timneilson the Gargoyle Fighter began the quest for the
                  | Orb.
     0 | D:1      | Reached XP level 1. HP: 14/14 MP: 1/1
   127 | D:1      | Reached XP level 2. HP: 12/19 MP: 2/2
   316 | D:1      | Reached XP level 3. HP: 23/23 MP: 3/3
   438 | D:1      | Found a faded altar of an unknown god.
  1154 | D:2      | Reached XP level 4. HP: 25/28 MP: 4/4
  1547 | D:3      | Found a white marble altar of Elyvilon.
  1547 | D:3      | Found a shadowy altar of Dithmenos.
  1569 | D:3      | Found Tounum's Weapon Shop.
  1722 | D:3      | Reached XP level 5. HP: 7/33 MP: 5/5
  1723 | D:3      | Killed from afar by an orc priest

Illustrated notes

Levels and vault maps discovered:
D:1:      saegor_arrival_fortress, layout_basic, ebering_ecumenical_altar_webs
D:2:      layout_basic, minmay_misc_feat_nine_boxes, minmay_pentomino_p2
D:3:      layout_loops_corners, nicolae_yredelemnul_corpse_copse,
          nicolae_qazlal_scattered_showers, gammafunk_temple_overflow_elements,
          mainiacjoe_overflow_six_doors_small, serial_shops, shop

Skill      XL: |  1  2  3  4 |
---------------+-------------+-----
Long Blades    | 2 |  2.8
Shields        | 4 |  4.2
Armour         | 4 |  4.2
Fighting       | |  3.7
Dodging        | |  0.9

Action                   |  1- 3 |  4- 6 || total
-------------------------+-------+-------++-------
Melee: Long sword        |   139 |    73 ||   212
  Use: Scroll            |     4 |     3 ||     7
       Potion            |       |     2 ||     2
Armor: Scale mail        |    62 |       ||    62
       Chain mail        |    42 |    62 ||   104
Dodge: Dodged            |    74 |    35 ||   109
Block: Buckler           |    31 |    10 ||    41

Table legend: (Time is in decaauts)
 A = Elapsed time spent in this place.
 B = Non-inter-level travel time spent in this place.
 C = Inter-level travel time spent in this place.
 D = Time resting spent in this place.
 E = Time spent auto-exploring this place.
 F = Levels seen in this place.
 G = Mean time per level.
                   A        B        C        D        E       F      G
               +--------+--------+--------+--------+--------+-----+--------+
         Total |   1791 |   1751 |     40 |     26 |   1238 |   3 |  597.0 |
       Dungeon |   1791 |   1751 |     40 |     26 |   1238 |   3 |  597.0 |
               +--------+--------+--------+--------+--------+-----+--------+

Top non-repeatable levels by time:
     D:1: 834 daAuts
     D:2: 652 daAuts
     D:3: 304 daAuts
